 Dungeon Crawl Stone Soup version 0.23-a0-49-gd9f7a49 (webtiles) character file.

11 Amnesiac the Gusty (level 2, 0/19 HPs)
             Began as a Mummy Air Elementalist on Aug 7, 2018.
             Slain by Robin
             ... wielding a +0 club
              (6 damage)
             ... on level 2 of the Dungeon.
             The game lasted 00:01:58 (1194 turns).

Amnesiac the Gusty (Mummy Air Elementalist)         Turns: 1194, Time: 00:01:59

Health: 0/19       AC:  2    Str: 11    XL:     2   Next: 17%
Magic:  1/5        EV: 12    Int: 14    God:
Gold:   32         SH:  0    Dex: 12    Spells: 3/6 levels left

rFire    x . .     SeeInvis .   a - +0 hunting sling
rCold    + . .     Gourm    .   (no shield)
rNeg     + + +     Faith    .   d - +0 robe
rPois    ∞         Spirit   .   (no helmet)
rElec    .         Reflect  .   (no cloak)
rCorr    .         Harm     .   (no gloves)
MR       .....                  (no boots)
Stlth    ++........             (no amulet)
HPRegen  0.06/turn              (no ring)
MPRegen  0.09/turn              (no ring)

@: very slightly contaminated
A: no food or potions, fire vulnerability, cold resistance 1, negative energy
resistance 3, torment resistance, unbreathing
a: no special abilities


You were on level 2 of the Dungeon.
You were not hungry.

You visited 1 branch of the dungeon, and saw 2 of its levels.

You collected 32 gold pieces.

Inventory:

Hand Weapons
 a - a +0 hunting sling (weapon)
Missiles
 e - 5 sling bullets (quivered)
 f - 51 stones
Armour
 b - a +0 buckler
 d - a +0 robe (worn)
Scrolls
 c - a scroll of identify {!r, unknown}


   Skills:
 - Level 1.5 Dodging
 - Level 1.5 Stealth
 + Level 2.9 Spellcasting
 - Level 0.7 Conjurations
 * Level 2.9 Air Magic


You had 3 spell levels left.
You knew the following spells:

 Your Spells              Type           Power        Failure   Level  Hunger
a - Shock                 Conj/Air       #...         11%         1    N/A
z - Swiftness             Chrm/Air       #.......     19%         2    N/A

Your spell library contained the following spells:

 Spells                   Type           Power        Failure   Level  Hunger
 Lightning Bolt           Conj/Air       #.........   96%         5    N/A
 Airstrike                Air            ##........   54%         4    N/A
 Static Discharge         Conj/Air       #.......     30%         3    N/A

Dungeon Overview and Level Annotations

Branches:
Dungeon (2/15)

Altars:
Nemelex Xobeh

Annotations:
D:2 Robin


Innate Abilities, Weirdness & Mutations

You do not eat or drink.
Your flesh is vulnerable to fire.
You are immune to poison.
Your flesh is cold resistant. (rC+)
You are immune to negative energy. (rN+++)
You are immune to unholy pain and torment.
You can survive without breathing.


Message History

The zap hits Robin.
Robin is moderately wounded.
Robin hits you with a club.
Casting: Shock (safe; 11% risk of failure)
Confirm with . or Enter, or press ? or * to list all spells.
Aiming: Shock (safe; 11% risk of failure)
Press: ? - help, Shift-Dir - straight line You miscast Shock.
You feel electric! Robin hits you with a club.
Casting: Shock (safe; 11% risk of failure)
Confirm with . or Enter, or press ? or * to list all spells.
You don't have enough magic to cast that spell.
Casting: Shock (safe; 11% risk of failure)
Confirm with . or Enter, or press ? or * to list all spells.
You don't have enough magic to cast that spell.
Firing (i - inventory. (/) - cycle)
e - 8 sling bullets (quivered)
Press: ? - help, Shift-Dir - straight line, f - Robin
Aim: Robin, wielding a club, wearing an animal skin and wearing a helmet (moderately wounded)
You shoot a sling bullet. The sling bullet barely misses Robin.
Robin hits you with a club.
* * * LOW HITPOINT WARNING * * *
Firing (i - inventory. (/) - cycle)
e - 7 sling bullets (quivered)
Press: ? - help, Shift-Dir - straight line, f/p - Robin
Aim: Robin, wielding a club, wearing an animal skin and wearing a helmet (moderately wounded)
You shoot a sling bullet. The sling bullet barely misses Robin.
Robin closely misses you.
Firing (i - inventory. (/) - cycle)
e - 6 sling bullets (quivered)
Press: ? - help, Shift-Dir - straight line, f/p - Robin
Aim: Robin, wielding a club, wearing an animal skin and wearing a helmet (moderately wounded)
You shoot a sling bullet. The sling bullet barely misses Robin.
Robin hits you with a club.
* * * LOW HITPOINT WARNING * * *
A goblin comes into view.
Robin hits you with a club.
* * * LOW HITPOINT WARNING * * *
Casting: Shock (safe; 11% risk of failure)
Confirm with . or Enter, or press ? or * to list all spells.
Aiming: Shock (safe; 11% risk of failure)
Press: ? - help, Shift-Dir - straight line, f - goblin, p - Robin
Aim: a goblin (hasn't noticed you)
You miscast Shock.
Nothing appears to happen.
The goblin shouts!
You hear a shout!
The goblin falls through a shaft!
The shaft crumbles and collapses.
You hear a shout! x2
You hear a shout!
Robin closely misses you.
You hear a shout!
You hear an angry hiss.
Things that are here:
a sling bullet; a club; a hobgoblin corpse You see here a sling bullet.
A kobold comes into view. It is wielding a whip.
The kobold shouts!
A dart slug comes into view.
Casting: Shock (safe; 11% risk of failure)
Confirm with . or Enter, or press ? or * to list all spells.
Aiming: Shock (safe; 11% risk of failure)
Press: ? - help, Shift-Dir - straight line The zap hits Robin.
Robin is heavily wounded.
The zap hits Robin.
Robin is heavily wounded.
Robin says, "Bow before me, strongest of all the hobgoblins!"
Robin hits you with a club.
You die...

#..?.## ###.....
#.....# ........
#.....# ......
#..... #w..
#...##########.#
###............K#
..(.###########.#
###+# #g####
#.@..+ ######


You could see Robin, a dart slug and a kobold.

Vanquished Creatures
  A giant cockroach (D:1)
  2 goblins (D:2)
  4 hobgoblins
  A kobold (D:2)
  2 rats (D:2)
10 creatures vanquished.

Notes
Turn   | Place    | Note
-------+----------+-------------------------------------------
     0 | D:1      | Amnesiac the Mummy Air Elementalist began the quest for the Orb.
     0 | D:1      | Reached XP level 1. HP: 13/13 MP: 4/4
    29 | D:1      | Found a sparkling altar of Nemelex Xobeh.
   665 | D:2      | Reached XP level 2. HP: 11/19 MP: 2/5
   669 | D:2      | Learned a level 2 spell: Swiftness
  1150 | D:2      | Noticed Robin
  1194 | D:2      | Slain by Robin

Vault maps used:
D:1:      dpeg_arrival_water_altar, nemelex_altar_shiori
D:2:      grunt_ministairs_1, uniq_sigmund, uniq_robin

Action                   || total
-------------------------++-------
Melee: Unarmed           ||     1
 Fire: Hunting sling     ||    11
 Cast: Shock             ||    24
Armor: Robe              ||     1
Dodge: Dodged            ||     7

Table legend:
 A = Spawn XP
 B = Non-spawn XP
 C = Spawn XP percentage of total XP
 D = Spawn monster count
 E = Non-spawn monster count
 F = Spawn count percentage of total count
 G = Total turns spent on level
                    A         B        C        D         E        F      G
               +---------+---------+-------+---------+---------+-------+---------
         Total |       0 |      17 |   0.0 |       0 |      10 |   0.0 |  1194
               +---------+---------+-------+---------+---------+-------+---------
           D:1 |       0 |       6 |   0.0 |       0 |       3 |   0.0 |   595
           D:2 |       0 |      11 |   0.0 |       0 |       7 |   0.0 |   599
               +---------+---------+-------+---------+---------+-------+---------
